 Dungeon Crawl Stone Soup version 0.17.2-1-ge4368a0 (webtiles) character file.

29 Alipheese the Chopper (level 3, -2/34 HPs)
             Began as a Naga Fighter on May 12, 2017.
             Slain by Sigmund
             ... wielding a +0 scythe
              (8 damage)
             ... on level 2 of the Dungeon.
             The game lasted 00:01:19 (1027 turns).

Alipheese the Chopper (Naga Fighter)                Turns: 1027, Time: 00:01:19

Health: -2/34      AC:  4    Str: 18    XL:     3   Next: 16%
Magic:  3/3        EV:  5    Int:  9    God:
Gold:   33         SH:  0    Dex: 10    Spells: 0 memorised, 2 levels left

rFire  . . .     SeeInvis +     k - +0 hand axe
rCold  . . .     Clarity  .     b - +0 scale mail
rNeg   . . .     SustAt   .     c - +0 shield
rPois  +         Gourm    .     (no helmet)
rElec  .         Spirit   .     (no cloak)
rCorr  .         Warding  .     (no gloves)
rMut   .         Stasis   .     (no barding)
MR     .....                    (no amulet)
Stlth  ..........               (no ring)
                                (no ring)

@: confused, very slow, not resistant to hostile enchantments, extremely
unstealthy
A: see invisible, deformed body, poison resistance, slowness 2, slow metabolism
1, spit poison 2, AC +1
a: Spit Poison


You were on level 2 of the Dungeon.
You were not hungry.

You visited 1 branch of the dungeon, and saw 2 of its levels.

You collected 33 gold pieces.


Innate Abilities, Weirdness & Mutations

You cannot wear boots.
Your serpentine skin is tough (AC +1).
You have supernaturally acute eyesight.
Armour fits poorly on your strangely shaped body.
Your system is resistant to poisons.
You cover ground very slowly.
You have a slow metabolism.
You can spit poison.

Inventory:

Hand Weapons
 a - a +0 war axe
 k - a +0 hand axe (weapon)
Armour
 b - a +0 scale mail (worn)
 c - a +0 shield (worn)
Scrolls
 e - a scroll of blinking {!r, unknown}
 i - 2 scrolls of identify {!r, unknown}
Potions
 d - a potion of might {!qStr+5 DMG+1d10}
 g - a potion of mutation {!q, unknown}
 h - a potion of agility {!q, unknown}
 l - a potion of heal wounds {!q, unknown}
Comestibles
 f - a chunk of flesh {!e}
 j - a beef jerky {!e}
 r - 2 bread rations {!e}


You had 2 spell levels left.
You didn't know any spells.


   Skills:
 - Level 3.0 Fighting
 * Level 3.5 Axes
 - Level 2.4 Armour
 - Level 2.4 Shields

Dungeon Overview and Level Annotations

Branches:
Dungeon (2/15)

Altars:

Annotations:
D:2 Sigmund

Vault maps used:
D:1:      mushboom_english_gardens, minmay_misc_feat_iff
D:2:      uniq_sigmund, uniq_jessica
You       could see
Sigmund   and a worm.


Message History

There is a stone staircase leading up here.
You see here a bat corpse.
No target in view!
You butcher the bat corpse.
f - a chunk of flesh {!e}
There is a stone staircase leading up here.
A kobold comes into view. It is wielding a whip.
The kobold shouts!
The kobold moves out of view.
Found a scroll labeled LOESSI MOOH.
A rat comes into view.
A worm and Sigmund come into view.
Press: ? - help, Shift-Dir - straight line, f - Sigmund
Aim: Sigmund, wielding a scythe and wearing a robe (hasn't noticed you)
The splash of poison hits the kobold.
The kobold is poisoned.
You kill the kobold!
You feel slightly more hungry.
Sigmund shouts!
Press: ? - help, v - describe, . - travel, g - get item
Here: Sigmund, wielding a scythe and wearing a robe A whip.
The floor.
Unknown command.
You can't do that yet.
Unknown command.
You have got your breath back.
The rat bites you.
You lost 1 HP.
You have now: 33/34 HP.
You hit the rat.
You kill the rat!
Sigmund hits you from afar with a scythe.
You lost 2 HP.
You have now: 31/34 HP.
Press: ? - help, Shift-Dir - straight line, f/p - Sigmund
Aim: Sigmund, wielding a scythe and wearing a robe The splash of poison misses Sigmund.
You feel slightly more hungry. Sigmund gestures at you while chanting.
You resist with some effort. Sigmund casts a spell at you.
You are confused.
You closely miss Sigmund. Sigmund casts a spell at you.
You resist with some effort.
You bump into the rock wall.
Sigmund hits you with a scythe!
You lost 12 HP.
You have now: 19/34 HP.
You closely miss Sigmund. Sigmund hits you with a scythe!
You lost 13 HP.
You have now: 6/34 HP.
You closely miss Sigmund.
You have got your breath back.
Sigmund hits you with a scythe!
You die...

Action                   || total
-------------------------++-------
Melee: War axe           ||    22
       Hand axe          ||    86
 Abil: Spit Poison       ||     6

Notes
Turn   | Place    | Note
--------------------------------------------------------------
     0 | D:1      | Alipheese the Naga Fighter began the quest for the Orb.
     0 | D:1      | Reached XP level 1. HP: 21/21 MP: 1/1
   129 | D:1      | Reached XP level 2. HP: 25/28 MP: 2/2
   222 | D:1      | Reached skill level 3 in Axes
   412 | D:1      | Reached XP level 3. HP: 20/34 MP: 3/3
  1012 | D:2      | Noticed Sigmund
  1027 | D:2      | Slain by Sigmund

Table legend:
 A = Turns spent in this place as a percentage of turns spent in the entire game.
 B = Non-inter-level travel turns spent in this place as a percentage of non-inter-level travel turns spent in the entire game.
 C = Inter-level travel turns spent in this place as a percentage of turns spent in this place.
 D = Turns resting spent in this place as a percentage of non-inter-level travel turns spent in this place.
 E = Turns spent auto-exploring this place as a percentage of non-inter-level travel turns spent in this place.
 F = Non-inter-level travel turns spent in this place divided by the number of levels of this place that you've seen.
                   A       B       C       D       E      F
               +-------+-------+-------+-------+-------+----------------------
         Total | 100.0 | 100.0 |   0.3 |   1.8 |   8.5 | 165.5
       Dungeon | 100.0 | 100.0 |   0.3 |   1.8 |   8.5 | 165.5
               +-------+-------+-------+-------+-------+----------------------

Table legend:
 A = Kills in this place as a percentage of kills in entire the game.
 B = Kills by you in this place as a percentage of kills by you in the entire game.
 C = Kills by friends in this place as a percentage of kills by friends in the entire game.
 D = Other kills in this place as a percentage of other kills in the entire game.
 E = Experience gained in this place as a percentage of experience gained in the entire game.
 F = Experience gained in this place divided by the number of levels of this place that you have seen.
                   A       B       C       D       E      F
               +-------+-------+-------+-------+-------+----------------------
         Total | 100.0 | 100.0 |  -nan |  -nan | 100.0 |  21.0
       Dungeon | 100.0 | 100.0 |  -nan |  -nan | 100.0 |  21.0
               +-------+-------+-------+-------+-------+----------------------

Vanquished Creatures
  3 giant geckos (D:1)
  A ball python (D:1)
  5 hobgoblins (D:1)
  2 jackals (D:1)
  2 bats
  3 giant cockroaches (D:1)
  2 giant newts (D:1)
  A goblin (D:1)
  4 kobolds
  2 rats
25 creatures vanquished.
